 Dungeon Crawl Stone Soup version 0.21-a0-405-gf2af9a1 (webtiles) character file.

38 drevant the Skirmisher (level 3, 0/29 HPs)
             Began as a Demonspawn Abyssal Knight on Nov 1, 2017.
             Was a Follower of Lugonu.
             Killed from afar by Sigmund (9 damage)
             ... with a magic dart
             ... on level 2 of the Dungeon.
             The game lasted 00:02:50 (1360 turns).

drevant the Skirmisher (Demonspawn Abyssal Knight)  Turns: 1360, Time: 00:02:50

Health: 0/29       AC: 11    Str: 13    XL:     3   Next: 25%
Magic:  4/4        EV: 10    Int: 13    God:    Lugonu [*.....]
Gold:   60         SH:  0    Dex: 12    Spells: 2/2 levels left

rFire    . . .     SeeInvis .   a - +1 spear
rCold    . . .     Gourm    .   (no shield)
rNeg     . . .     Faith    .   j - +4 ring mail
rPois    .         Spirit   .   (no helmet)
rElec    .         Reflect  .   (no cloak)
rCorr    .         Harm     .   (no gloves)
MR       .....                  (no boots)
Stlth    +.........             (no amulet)
HPRegen  0.09/turn              (no ring)
MPRegen  0.09/turn              (no ring)

@: no status effects
A: thin metallic scales 1
a: Depart the Abyss, Renounce Religion


You were on level 2 of the Dungeon.
You worshipped Lugonu.
Lugonu was aware of your devotion.
You were hungry.

You visited 1 branch of the dungeon, and saw 2 of its levels.
You visited the Abyss 1 time.

You collected 60 gold pieces.

Inventory:

Hand Weapons
 a - a +1 spear (weapon)
Missiles
 g - 29 stones (quivered)
Armour
 b - a +0 leather armour
 j - a +4 ring mail (worn)
Jewellery
 l - an uncursed amulet of harm {unknown}
Wands
 d - a wand of flame (27/48)
Scrolls
 k - a scroll of teleportation {unknown}
 m - a scroll of immolation {unknown}
Potions
 e - a potion of haste {unknown}
 h - a potion of curing {unknown}
 i - a potion of flight {unknown}
 n - a potion of might {unknown}
Comestibles
 c - 2 bread rations
 f - a chunk of flesh


   Skills:
 + Level 3.3 Fighting
 * Level 2.7 Polearms
 + Level 2.2 Armour
 - Level 0.8 Dodging
 - Level 2.4 Invocations


You had 2 spell levels left.
You didn't know any spells.

Dungeon Overview and Level Annotations

Branches:
Dungeon (2/15)

Altars:

Annotations:
D:2 Natasha, Sigmund, Terence


Innate Abilities, Weirdness & Mutations

You are partially covered in thin metallic scales. (AC +2)


Message History

No target in view!
No target in view!
Things that are here:
a dagger; a kobold corpse Some of the chunks of flesh in your inventory have rotted away.
Sigmund the Dreaded comes into view.
He is wielding a scythe of slicing.
Sigmund shouts!
Sigmund mumbles some strange words.
Sigmund flickers and vanishes!
Deactivating autopickup; reactivate with Ctrl-A.
Found 13 gold pieces.
You are feeling hungry.
Something hits you.
Terence the Incautious comes into view.
He is wielding a flail.
Terence shouts!
Something hits you. Something hits you!
A magic dart appears from out of thin air!
The magic dart hits you!
You die...

. #.#.# .. #.#.# ...
#.#.# # .. .$..
#.#.###### #. ..#
....@##.#.#....####. #?.
..................... ..
......#.#.#....#####.#..
..... #.#.###### #....#.
.... #@#.# #...... ...
#.#.# #...h#. .# #.#.#
#....)5 #.#.# #.....5
################.#.#
#.....g
...).............#
#.....K
##################
#.....g ...# #....#.
##.# ......#.


There were no monsters in sight!

Vanquished Creatures
  2 worms (D:2)
  A dart slug (D:1)
  2 bats (D:1)
  5 giant cockroaches
  5 hobgoblins (D:1)
  2 frilled lizards (D:1)
  4 goblins
  4 kobolds
  4 rats (D:1)
29 creatures vanquished.

Vanquished Creatures (others)
  2 starspawn tentacles (Abyss:2)
  4 toadstools (D:1)
6 creatures vanquished.

Grand Total: 35 creatures vanquished

Notes
Turn   | Place    | Note
-------+----------+-------------------------------------------
     0 | Abyss:1  | drevant the Demonspawn Abyssal Knight began the quest for the Orb.
     0 | Abyss:1  | Reached XP level 1. HP: 18/18 MP: 2/2
    23 | Abyss:1  | Noticed a small abomination
    25 | Abyss:1  | Noticed a large abomination
    36 | Abyss:2  | Noticed a tentacled starspawn
    72 | Abyss:3  | Noticed a worldbinder
    81 | Abyss:3  | Noticed a blink frog
    83 | D:1      | Escaped the Abyss
   373 | D:1      | Gained mutation: You are partially covered in thin metallic scales. (AC +2) [demonic ancestry]
   373 | D:1      | Reached XP level 2. HP: 19/24 MP: 3/3
   558 | D:1      | Reached * piety under Lugonu
  1096 | D:2      | Reached XP level 3. HP: 29/29 MP: 4/4
  1136 | D:2      | Noticed Natasha
  1351 | D:2      | Noticed Sigmund
  1357 | D:2      | Noticed Terence
  1360 | D:2      | Killed from afar by Sigmund

Vault maps used:
D:1:      ldierk_walled_garden_2
D:2:      nicolae_overflow_hidden_temple, grunt_dithmenos_smoke, first_bread,
          uniq_robin, uniq_natasha, uniq_terence, uniq_sigmund, uniq_jessica
Abyss:2:  hangedman_abyss_or_decor_passed

Skill      XL: |  1 |
---------------+----+-----
Polearms       | 2 |  2.7
Armour         | 2 |  2.2
Fighting       | |  3.3
Dodging        | |  0.8
Invocations    | |  2.4

Action                   || total
-------------------------++-------
Melee: Spear             ||   113
Throw: Stone             ||     6
Invok: Depart the Abyss  ||     1
  Eat: Chunk             ||     1
Armor: Leather armour    ||     5
       Ring mail         ||    18
Dodge: Dodged            ||    46

Table legend:
 A = Spawn XP
 B = Non-spawn XP
 C = Spawn XP percentage of total XP
 D = Spawn monster count
 E = Non-spawn monster count
 F = Spawn count percentage of total count
 G = Total turns spent on level
                    A         B        C        D         E        F      G
               +---------+---------+-------+---------+---------+-------+---------
         Total |       0 |      55 |   0.0 |       0 |      29 |   0.0 |  1360
               +---------+---------+-------+---------+---------+-------+---------
           D:1 |       0 |      38 |   0.0 |       0 |      23 |   0.0 |  1179
           D:2 |       0 |      17 |   0.0 |       0 |       6 |   0.0 |    98
               +---------+---------+-------+---------+---------+-------+---------
